MLB
LOS ANGELES DODGERS @ SAN DIEGO PADRES
07/10/2018
 
TOP OF THE 1ST
Los Angeles Dodgers batting - Pitching for San Diego Padres : RHP Justin Verlander
Pitching: RHP Justin Verlander
Batting: RHB Mookie Betts 0-0: Called Strike
0-1: Ball
1-1: Ball
2-1: Ball
3-1: Base on Balls
Batting: SHB Wilmer Difo 0-0: Ball
Mookie Betts steals 2nd base
1-0: Ball
2-0: Ground out 6-3 (Groundball, 6M)
Mookie Betts to third
Batting: RHB Josh Donaldson 0-0: Ball
1-0: SINGLE (Groundball, 56D)
Mookie Betts scores
Batting: RHB Randal Grichuk 0-0: Called Strike
0-1: Foul Ball, location: 2F
0-2: Ball
1-2: Fielders Choice at 2nd, 5-4 (Groundball, 56)
Batting: RHB Jonathan Schoop 0-0: Called Strike
0-1: Ball
1-1: Foul Ball, location: 2F
1-2: Fielders Choice at 2nd, 6-4 (Groundball, 6)
Top of the 1st over - 1 run, 1 hit, 0 errors, 1 left on base; Los Angeles 1 - San Diego 0
BOTTOM OF THE 1ST
San Diego Padres batting - Pitching for Los Angeles Dodgers : RHP Max Povse
Pitching: RHP Max Povse
Batting: RHB Lorenzo Cain 0-0: Ball
1-0: Called Strike
1-1: Reached on error, E2 (Groundball, 15S)
Batting: LHB David Peralta 0-0: Called Strike
0-1: DOUBLE (Line Drive, 7LM)
Lorenzo Cain scores
Batting: RHB Jose Altuve 0-0: Fly out, F7 (Flyball, 7S)
Batting: LHB Mike Moustakas 0-0: Ball
1-0: Ball
2-0: Called Strike
2-1: Ball
3-1: Called Strike
3-2: Base on Balls
Batting: SHB Carlos Santana 0-0: Called Strike
0-1: Ball
1-1: Ball
2-1: Ball
3-1: Foul Ball, location: 2F
3-2: SINGLE (Flyball, 4D)
David Peralta to third
Mike Moustakas to second
Batting: RHB Mitch Haniger 0-0: Called Strike
0-1: Called Strike
0-2: Ball
1-2: Ball
2-2: Strikes out looking
Batting: SHB Freddy Galvis 0-0: Foul Ball, location: 2F
0-1: SINGLE (Groundball, 56D)
David Peralta scores
Mike Moustakas to third
Carlos Santana to second
Runner from 3rd tries for Home, SAFE, throw by LF to home
Batting: RHB Russell Martin 0-0: Fly out, F4 (Line Drive, 4)
Bottom of the 1st over - 3 runs, 3 hits, 1 error, 2 left on base; Los Angeles 1 - San Diego 3
TOP OF THE 2ND
Los Angeles Dodgers batting - Pitching for San Diego Padres : RHP Justin Verlander
Batting: SHB Justin Smoak 0-0: Ball
1-0: Foul Ball, location: 2F
1-1: Ball
2-1: Swinging Strike
2-2: Fly out, F9 (Flyball, 9S)
Batting: LHB Brett Gardner 0-0: Foul Ball, location: 2F
0-1: Ball
1-1: Reached on error, E3 (Groundball, 23)
Batting: RHB Evan Gattis 0-0: Fly out, F7 (Flyball, 78M)
Batting: RHB Max Povse 0-0: Swinging Strike
0-1: Swinging Strike
0-2: Ball
1-2: Ground out 6-3 (Groundball, 56)
Top of the 2nd over - 0 runs, 0 hits, 1 error, 1 left on base; Los Angeles 1 - San Diego 3
BOTTOM OF THE 2ND
San Diego Padres batting - Pitching for Los Angeles Dodgers : RHP Max Povse
Batting: RHB Justin Verlander 0-0: Ball
1-0: Foul Ball, location: 2F
1-1: Called Strike
1-2: Ball
2-2: Strikes out swinging
Batting: RHB Lorenzo Cain 0-0: Ground out 5-3 (Groundball, 56S)
Batting: LHB David Peralta 0-0: Ball
1-0: DOUBLE (Groundball, 5L)
Batting: RHB Jose Altuve 0-0: Called Strike
0-1: Swinging Strike
0-2: Ball
1-2: Ball
2-2: Ground out 5-3 (Groundball, 56)
Bottom of the 2nd over - 0 runs, 1 hit, 0 errors, 1 left on base; Los Angeles 1 - San Diego 3
TOP OF THE 3RD
Los Angeles Dodgers batting - Pitching for San Diego Padres : RHP Justin Verlander
Batting: RHB Mookie Betts 0-0: Ball
1-0: Foul Ball, location: 2F
1-1: Fly out, F7 (Flyball, 7S)
Batting: SHB Wilmer Difo 0-0: Ball
1-0: Fly out, F9 (Flyball, 89S)
Batting: RHB Josh Donaldson 0-0: Ball
1-0: Ground out 6-3 (Groundball, 56)
Top of the 3rd over - 0 runs, 0 hits, 0 errors, 0 left on base; Los Angeles 1 - San Diego 3
BOTTOM OF THE 3RD
San Diego Padres batting - Pitching for Los Angeles Dodgers : RHP Max Povse
Batting: LHB Mike Moustakas 0-0: Called Strike
0-1: Hit by Pitch
Batting: SHB Carlos Santana 0-0: Foul Ball, location: 2F
0-1: Foul Ball, location: 2F
0-2: SINGLE (Groundball, 3D)
Mike Moustakas to second
Runner from 2nd tries for 3rd, SAFE, throw by RF made to third
Batting: RHB Mitch Haniger 0-0: Called Strike
0-1: Fly out, F8 (Flyball, 8RS)
Runner from 3rd tags up, SCORES, no throw by CF
Batting: SHB Freddy Galvis 0-0: Called Strike
0-1: Ball
1-1: Fly out, F9 (Flyball, 9D)
Batting: RHB Russell Martin 0-0: Swinging Strike
0-1: Ball
1-1: Fly out, F8 (Flyball, 8RD)
Bottom of the 3rd over - 1 run, 1 hit, 0 errors, 1 left on base; Los Angeles 1 - San Diego 4
TOP OF THE 4TH
Los Angeles Dodgers batting - Pitching for San Diego Padres : RHP Justin Verlander
Batting: RHB Randal Grichuk 0-0: Ball
1-0: Ball
2-0: Foul Ball, location: 2F
2-1: Foul Ball, location: 2F
2-2: Strikes out looking
Batting: RHB Jonathan Schoop 0-0: Swinging Strike
0-1: Ground out 6-3 (Groundball, 56D)
Batting: SHB Justin Smoak 0-0: Swinging Strike
0-1: Ball
1-1: Ball
2-1: Swinging Strike
2-2: Ball
3-2: Ground out 4-3 (Groundball, 34)
Top of the 4th over - 0 runs, 0 hits, 0 errors, 0 left on base; Los Angeles 1 - San Diego 4
BOTTOM OF THE 4TH
San Diego Padres batting - Pitching for Los Angeles Dodgers : RHP Max Povse
Batting: RHB Justin Verlander 0-0: Ball
1-0: Called Strike
1-1: Fly out, F4 (Flyball, 4MD)
Batting: RHB Lorenzo Cain 0-0: Ball
1-0: Ball
2-0: Ball
3-0: Called Strike
3-1: Ground out 6-3 (Groundball, 56)
Batting: LHB David Peralta 0-0: Ball
1-0: Foul Ball, location: 2F
1-1: Ground out 6-3 (Groundball, 56)
Bottom of the 4th over - 0 runs, 0 hits, 0 errors, 0 left on base; Los Angeles 1 - San Diego 4
TOP OF THE 5TH
Los Angeles Dodgers batting - Pitching for San Diego Padres : RHP Justin Verlander
Batting: LHB Brett Gardner 0-0: Ball
1-0: Bunt for hit to 5S - play at first, batter OUT! 5-3
Batting: RHB Evan Gattis 0-0: Ball
1-0: Ball
2-0: Called Strike
2-1: Ball
3-1: Fly out, F7 (Flyball, 7LM)
Batting: RHB Max Povse 0-0: Ball
1-0: Foul Ball, location: 2F
1-1: Ball
2-1: Swinging Strike
2-2: Foul Ball, location: 2F
2-2: Strikes out looking
Top of the 5th over - 0 runs, 0 hits, 0 errors, 0 left on base; Los Angeles 1 - San Diego 4
BOTTOM OF THE 5TH
San Diego Padres batting - Pitching for Los Angeles Dodgers : RHP Max Povse
Batting: RHB Jose Altuve 0-0: Foul Ball, location: 2F
0-1: Ball
1-1: Called Strike
1-2: Ball
2-2: SINGLE (Popup, 6D)
Batting: LHB Mike Moustakas 0-0: Fly out, F9 (Flyball, 9S)
Batting: SHB Carlos Santana 0-0: Ground out 6-3 (Groundball, 4)
Jose Altuve to second
Batting: RHB Mitch Haniger 0-0: Ball
1-0: Ball
Wild Pitch!
Jose Altuve to third
2-0: Foul Ball, location: 2F
2-1: SINGLE (Flyball, 8RS)
Jose Altuve scores
Batting: SHB Freddy Galvis 0-0: Ball
1-0: Called Strike
1-1: Ball
2-1: Fielders Choice at 2nd, U4 (Groundball, 4M)
Bottom of the 5th over - 1 run, 2 hits, 0 errors, 1 left on base; Los Angeles 1 - San Diego 5
TOP OF THE 6TH
Los Angeles Dodgers batting - Pitching for San Diego Padres : RHP Justin Verlander
Batting: RHB Mookie Betts 0-0: Ball
1-0: Swinging Strike
1-1: Fly out, F8 (Line Drive, 8LD)
Batting: SHB Wilmer Difo 0-0: Foul Ball, location: 2F
0-1: Ball
1-1: Ground out 4-3 (Groundball, 4)
Batting: RHB Josh Donaldson 0-0: Ball
1-0: Ball
2-0: Foul Ball, location: 2F
2-1: Ball
3-1: Foul Ball, location: 2F
3-2: Foul Ball, location: 2F
3-2: Single, Error in OF, E8, batter to second base (Groundball, 6D)
Batting: RHB Randal Grichuk 0-0: Ball
1-0: Ball
2-0: Ground out 6-3 (Groundball, 6)
Top of the 6th over - 0 runs, 1 hit, 1 error, 1 left on base; Los Angeles 1 - San Diego 5
BOTTOM OF THE 6TH
San Diego Padres batting - Pitching for Los Angeles Dodgers : RHP Max Povse
Pitching: RHP Phil Maton
Batting: RHB Russell Martin 0-0: Called Strike
0-1: Hit by Pitch
Batting: RHB Justin Verlander 0-0: Sac Bunt to 2R - play at first, batter OUT! 2-4
Russell Martin to second
Batting: RHB Lorenzo Cain 0-0: Called Strike
0-1: Ball
1-1: Ball
2-1: Ball
3-1: Ground out 4-3 (Groundball, 4M)
Russell Martin to third
Batting: LHB David Peralta 0-0: Ball
1-0: Ball
2-0: Ball
3-0: Called Strike
3-1: Called Strike
3-2: Base on Balls
Batting: RHB Jose Altuve 0-0: SINGLE (Line Drive, 56D)
Russell Martin scores
David Peralta to second
Batting: LHB Mike Moustakas 0-0: Ball
1-0: Called Strike
1-1: Ball
2-1: Ground out 1-3 (Groundball, 34S)
Bottom of the 6th over - 1 run, 1 hit, 0 errors, 2 left on base; Los Angeles 1 - San Diego 6
TOP OF THE 7TH
Los Angeles Dodgers batting - Pitching for San Diego Padres : RHP Justin Verlander
Batting: RHB Jonathan Schoop 0-0: Called Strike
0-1: SOLO HOME RUN (Flyball, 7D), Distance : 394 ft
Batting: SHB Justin Smoak 0-0: Ball
1-0: Ball
2-0: Foul Ball, location: 2F
2-1: Foul Ball, location: 2F
2-2: Strikes out swinging
Batting: LHB Brett Gardner 0-0: Called Strike
0-1: Foul Ball, location: 2F
0-2: Ball
1-2: Ball
2-2: Ball
3-2: Base on Balls
Batting: RHB Evan Gattis 0-0: Called Strike
0-1: Grounds into double play, 6-4-3 (Groundball, 6)
Top of the 7th over - 1 run, 1 hit, 0 errors, 0 left on base; Los Angeles 2 - San Diego 6
BOTTOM OF THE 7TH
San Diego Padres batting - Pitching for Los Angeles Dodgers : RHP Phil Maton
Pitching: LHP Sam Freeman
Batting: SHB Carlos Santana 0-0: Ball
1-0: Called Strike
1-1: Ball
2-1: Ball
3-1: Base on Balls
Batting: RHB Mitch Haniger 0-0: Ball
Wild Pitch!
Carlos Santana to second
1-0: Ball
2-0: Foul Ball, location: 2F
2-1: Ground out U3 (Groundball, 3)
Carlos Santana to third
Batting: SHB Freddy Galvis 0-0: Ball
1-0: Called Strike
1-1: DOUBLE (Line Drive, 9LM)
Carlos Santana scores
Batting: RHB Russell Martin 0-0: Swinging Strike
0-1: Ball
1-1: Foul Ball, location: 2F
1-2: Ball
2-2: Ball
3-2: Ground out 4-3 (Groundball, 4D)
Freddy Galvis to third
Batting: RHB Justin Verlander 0-0: Called Strike
0-1: Ball
1-1: Swinging Strike
1-2: Foul Ball, location: 2F
1-2: Foul Ball, location: 2F
1-2: Ball
2-2: Foul Ball, location: 2F
2-2: Foul Ball, location: 2F
2-2: Strikes out looking
Bottom of the 7th over - 1 run, 1 hit, 0 errors, 1 left on base; Los Angeles 2 - San Diego 7
TOP OF THE 8TH
Los Angeles Dodgers batting - Pitching for San Diego Padres : RHP Justin Verlander
Pinch Hitting: LHB Brian Goodwin 0-0: Foul Ball, location: 2F
0-1: SINGLE (Line Drive, 56D)
Batting: RHB Mookie Betts 0-0: Called Strike
0-1: Fly out, F8 (Flyball, 8LS)
Batting: SHB Wilmer Difo 0-0: Called Strike
0-1: SINGLE (Line Drive, 6MD)
Brian Goodwin to second
Pitching: RHP Wander Suero
Batting: RHB Josh Donaldson 0-0: Ball
1-0: Ball
2-0: Ball
3-0: Called Strike
3-1: Base on Balls
Brian Goodwin to third
Wilmer Difo to second
Batting: RHB Randal Grichuk 0-0: Ball
1-0: Ball
2-0: Ball
3-0: Called Strike
3-1: Fly out, F4 (Popup, 4S)
Batting: RHB Jonathan Schoop 0-0: Ball
1-0: Fly out, F7 (Line Drive, 7)
Top of the 8th over - 0 runs, 2 hits, 0 errors, 3 left on base; Los Angeles 2 - San Diego 7
BOTTOM OF THE 8TH
San Diego Padres batting - Pitching for Los Angeles Dodgers : LHP Sam Freeman
Pitching: RHP Scott Oberg
Batting: RHB Lorenzo Cain 0-0: Called Strike
0-1: Foul Ball, location: 2F
0-2: Ball
1-2: Foul Ball, location: 2F
1-2: Strikes out swinging
Batting: LHB David Peralta 0-0: Ball
1-0: SINGLE (Groundball, 6D)
Batting: RHB Jose Altuve 0-0: Called Strike
0-1: Ball
1-1: Grounds into double play, 6-4-3 (Groundball, 6)
Bottom of the 8th over - 0 runs, 1 hit, 0 errors, 0 left on base; Los Angeles 2 - San Diego 7
TOP OF THE 9TH
Los Angeles Dodgers batting - Pitching for San Diego Padres : RHP Wander Suero
Batting: SHB Justin Smoak 0-0: SOLO HOME RUN (Flyball, 89XD), Distance : 423 ft
Batting: LHB Brett Gardner 0-0: Swinging Strike
0-1: Ground out 1-3 (Groundball, 34S)
Batting: RHB Evan Gattis 0-0: Foul Ball, location: 2F
0-1: Ball
1-1: Ball
2-1: Swinging Strike
2-2: Ball
3-2: Fly out, F9 (Flyball, 9D)
Pinch Hitting: LHB Ichiro Suzuki 0-0: Foul Ball, location: 2F
0-1: Ball
1-1: Foul Ball, location: 2F
1-2: Ground out 4-3 (Groundball, 4)
Top of the 9th over - 1 run, 1 hit, 0 errors, 0 left on base; Los Angeles 3 - San Diego 7
Tuesday, September 11th, 2018 - OOTP Baseball 19.8 Build 79